 Dungeon Crawl Stone Soup version 0.30-a0-924-g0ad0bf95bc (webtiles) character file.

Game seed: 12859695178943198142

2303 sanka the Fighter (level 9, 0/78 HPs)
             Began as a Demonspawn Cinder Acolyte on Mar 22, 2023.
             Was a High Priest of Ignis.
             Slain by an orc
             ... wielding a +0 trident
              (4 damage)
             ... on level 7 of the Dungeon.
             The game lasted 00:12:17 (6337 turns).

sanka the Fighter (Demonspawn Cinder Acolyte)       Turns: 6337, Time: 00:12:18

Health: 0/78       AC: 20    Str: 12 (15) XL:     9   Next: 18%
Magic:  1/12       EV: 10    Int: 20 (22) God:    Ignis [*****.]
Gold:   251        SH:  5    Dex:  9 (12) Spells: 10/12 levels left

rFire   + . .      SeeInvis .    a - -1 mace (flame)
rCold   . . .      Faith    .    (no shield)
rNeg    . . .      Spirit   .    B - +1 ring mail of Katziorr {Rampage Will+ Int+6 Stlth-}
rPois   .          Reflect  +    v - +0 helmet
rElec   .          Rampage  +    r - +0 cloak
rCorr   .                        u - +0 pair of gloves
Will    +....                    h - +1 pair of boots Stlth
                                 q - amulet of reflection
HPRegen 0.33/turn                (no ring)
MPRegen 0.13/turn                (no ring)

@: mighty, sanguine armoured, studying Maces & Flails
A: powered by death 1, sanguine armour 2, demonic touch 1
a: Renounce Religion, Fiery Armour, Foxfire Swarm, Rising Flame


You were on level 7 of the Dungeon.
You worshipped Ignis.
Ignis was extremely pleased with you.
You visited 2 branches of the dungeon, and saw 8 of its levels.
You also visited: Sewer.

You collected 435 gold pieces.
You spent 184 gold pieces at shops.


Innate Abilities, Weirdness & Mutations

You regenerate a little health from kills.
When seriously injured, your blood forms thick armour. (AC +9)
Your touch may inflict minor irresistible damage on your foes.


   Skills:
 - Level 10.0 Fighting
 + Level 6.1 Maces & Flails
 - Level 2.0 Spellcasting
 - Level 6.0 Fire Magic


You had 10 spell levels left.
You knew the following spells:

 Your Spells              Type           Power      Damage    Failure   Level
y - Scorch                Fire           52%        2d7       4%          2

Your spell library contained the following spells:

 Spells                   Type           Power      Damage    Failure   Level
 Summon Small Mammal      Summ           8%         N/A       34%         1
 Ignite Poison            Fire/Tmut/Pois 10%        N/A       43%         3
 Call Imp                 Summ           2%         N/A       47%         2
 Cigotuvi's Dreadful Rot  Necr/Pois/Air  4%         N/A       47%         2
 Poisonous Vapours        Pois/Air       4%         N/A       47%         2
 Dazzling Flash           Conj/Hex       4%         N/A       71%         3
 Mephitic Cloud           Conj/Pois/Air  2%         N/A       71%         3
 Fulminant Prism          Conj/Hex       1%         3d5       98%         4
 Freezing Cloud           Conj/Ice/Air   1%         6-21      100%        5
 Summon Mana Viper        Hex/Summ       2%         N/A       100%        5

Inventory:

Hand Weapons
 a - a -1 mace of flaming (weapon)
 x - a +0 war axe
Missiles
 D - a curare-tipped dart {=f}
Armour
 h - a +1 pair of boots (worn)
 r - a +0 cloak (worn)
 u - a +0 pair of gloves (worn)
 v - a +0 helmet (worn)
 B - the +1 ring mail of Katziorr (worn) {Rampage Will+ Int+6 Stlth-}

   Int:       It affects your intelligence (+6).
   Rampage:   It bestows one free step when moving towards enemies.
   Will:      It increases your willpower.
   Stlth:     It makes you less stealthy.
Magical Staves
 G - a staff of poison
Jewellery
 m - a ring of ice
 q - an amulet of reflection (around neck)
 K - a ring of fire
Wands
 n - a wand of digging (1)
 w - a wand of acid (5)
 I - a wand of iceblast (7)
Scrolls
 b - 3 scrolls of immolation {!r}
 c - 2 scrolls of teleportation {@r4}
 f - 5 scrolls of enchant weapon
 k - a scroll of brand weapon
 o - 2 scrolls of vulnerability {!r}
 p - a scroll of fear {unknown}
 s - 4 scrolls of poison {!r}
 t - a scroll of fog
 y - a scroll of noise {!r}
 C - a scroll of enchant armour {unknown}
Potions
 d - 3 potions of cancellation {unknown}
 e - 3 potions of magic {unknown}
 g - 4 potions of degeneration {!q}
 i - 3 potions of might
 j - 3 potions of brilliance {unknown}
 l - 3 potions of berserk rage {unknown}
 z - a potion of flight {unknown}
 A - 2 potions of heal wounds {unknown}
 E - a potion of invisibility {unknown}
 F - a potion of haste {unknown}
 H - a potion of attraction {unknown}
 J - a potion of lignification {unknown}

Dungeon Overview and Level Annotations

Branches:
Dungeon (7/15)             Temple (1/1) D:4           Sewer (visited)

Altars:
Ashenzari
Fedhas
Hepliaklqana
Ru
Trog

Shops:
D:1 ( D:5

[(* ....▒ ....▒ ▒▒▒▒
▒▒▒.▒▒▒▒▒▒▒▒ ....
▒........▒ .....
▒........▒ ▒▒▒ .....
▒........▒▒ ▒.)
...... ▒....>....▒
▒.▒ ▒......
▒.........▒▒▒)▒▒)..▒
▒..........▒▒.6)o▒
▒....<.....▒▒)o▒▒▒
▒...........▒..▒
▒.............▒▒
▒▒▒▒▒▒▒▒▒▒.▒..▒
▒....>▒ ▒▒.▒..▒
▒.▒..▒ ..▒..▒


You could see an orc warrior and an orc.


Message History

The orc warrior misses you.
Flames lash something.
Reactivating autopickup.
You feel a bit more experienced.
The orc warrior hits you from afar with a +0 glaive!
* * * LOW HITPOINT WARNING * * *
Unknown command.
It was a potion of degeneration.
There was something very wrong with that liquid.
You feel weakened.
You feel dopey.
You feel clumsy.
The orc warrior is no longer more vulnerable to fire.
The orc warrior hits you but does no damage.
It was a potion of might.
You feel very mighty all of a sudden.
The orc warrior hits you but does no damage.
You rampage towards the orc warrior!
You closely miss the orc warrior.
The orc warrior is severely wounded.
The orc hits you but does no damage. The orc barely misses you.
The orc hits you but does no damage. The orc warrior misses you.
You sock the orc! You burn the orc.
You kill the orc!
The orc warrior hits you but does no damage.
The orc hits you from afar with a +0 trident.
You die...

Action                     |  1- 3 |  4- 6 |  7- 9 || total
---------------------------+-------+-------+-------++-------
  Melee: Mace              |   172 |   129 |   179 ||   480
         Punch             |     2 |     1 |     3 ||     6
         Touch             |       |     4 |    31 ||    35
   Cast: Scorch            |     3 |    18 |    62 ||    83
    Use: Scroll            |       |       |     8 ||     8
         Potion            |       |       |     2 ||     2
 Armour: Robe              |    30 |       |       ||    30
         Leather armour    |    43 |    78 |    18 ||   139
         Ring mail         |       |       |   120 ||   120
  Dodge: Dodged            |   117 |    91 |   115 ||   323
  Block: Other             |     5 |    43 |    53 ||   101
         Reflection        |       |       |     3 ||     3

Levels and vault maps discovered:
D:1:      roderic_dead_forest, layout_basic, serial_shops,
          nicolae_shop_behind_doors, minmay_worlds_worst_comb
D:2:      layout_rooms, grunt_decor_mini_mirrors, grunt_ministairs_15
D:3:      layout_basic
D:4:      layout_loops_cross, general_overflow_altar,
          minmay_temple_entry_offerings, uniq_robin
D:5:      layout_cave_pools, bloody_trog, serial_shops, shop_statue,
          nicolae_lakefront_shop, nicolae_shop_overgrown_old_shop, st_stairs_1
D:6:      layout_basic, portal_sewer_entry_b, nrook_uturn,
          kennysheep_decorative_pillar, minmay_manual_moon
D:7:      layout_rooms, lemuel_mausoleum_altar_kikubaaqudgha
Temple:   nicolae_temple_god_jail

Notes
Turn   | Place    | Note
-------+----------+-------------------------------------------
     0 | D:1      | sanka the Demonspawn Cinder Acolyte began the quest for the
                  | Orb.
     0 | D:1      | Reached XP level 1. HP: 18/18 MP: 2/2
   170 | D:1      | Reached skill level 3 in Fire Magic
   187 | D:1      | Gained mutation: You regenerate a little health from kills.
                  | [demonic ancestry]
   187 | D:1      | Reached XP level 2. HP: 24/24 MP: 4/4
   190 | D:1      | Learned a level 2 spell: Scorch
   311 | D:1      | Got the Book of Exhalation and Spellbinding
   465 | D:1      | Found Gaunkahox's Antique Weapon Boutique.
   665 | D:1      | Reached skill level 2 in Spellcasting
   850 | D:1      | Gained mutation: When seriously injured, your blood forms
                  | armour. (AC +9) [demonic ancestry]
   850 | D:1      | Reached XP level 3. HP: 29/29 MP: 6/6
  1730 | D:3      | Reached skill level 4 in Fire Magic
  1943 | D:3      | Reached XP level 4. HP: 34/35 MP: 7/7
  2396 | D:4      | Found a staircase to the Ecumenical Temple.
  2407 | D:4      | Got the Papyrus of the Repulsive Band
  2673 | D:4      | Noticed Robin
  2690 | D:4      | Identified the +4 dagger "Arcanum" {holy, Str+2 Dex+4}
  2691 | Temple   | Entered the Ecumenical Temple
  2711 | D:4      | Killed Robin
  2711 | D:4      | Noticed a black bear
  2755 | Temple   | Killed a black bear
  2756 | Temple   | Reached skill level 5 in Fire Magic
  2756 | Temple   | Reached XP level 5. HP: 37/41 MP: 1/8
  2947 | D:4      | Noticed an ogre
  2956 | D:4      | Killed an ogre
  2957 | D:4      | Reached skill level 6 in Fire Magic
  2957 | D:4      | Gained mutation: Your touch may inflict minor irresistible
                  | damage on your foes. [demonic ancestry]
  2957 | D:4      | Reached XP level 6. HP: 30/47 MP: 0/9
  2964 | D:4      | Reached skill level 3 in Maces & Flails
  3293 | D:4      | Found a sacrificial altar of Ru.
  3405 | D:5      | Entered Level 5 of the Dungeon
  3489 | D:5      | Found Dywiruc's General Store.
  3494 | D:5      | Noticed an ice beast
  3501 | D:5      | Killed an ice beast
  3502 | D:5      | Reached skill level 4 in Fighting
  3519 | D:5      | Gained mutation: When seriously injured, your blood forms
                  | thick armour. (AC +9) [demonic ancestry]
  3519 | D:5      | Reached XP level 7. HP: 43/54 MP: 3/10
  3574 | D:5      | Bought a scroll of identify for 22 gold pieces
  3603 | D:5      | Reached skill level 4 in Maces & Flails
  3631 | D:5      | Found Kuychoa's Antique Weapon Boutique.
  3666 | D:5      | Found a bloodstained altar of Trog.
  3732 | D:5      | Reached skill level 5 in Fighting
  4042 | D:5      | Reached skill level 6 in Fighting
  4171 | D:5      | Found Gatulu Xibo's Antique Armour Shop.
  4340 | D:5      | Bought a faintly humming ring mail for 162 gold pieces
  4340 | D:5      | Identified the +1 ring mail of Katziorr {Rampage Will+
                  | Int+6 Stlth-} (You bought it in a shop on level 5 of the
                  | Dungeon)
  4453 | D:6      | Reached XP level 8. HP: 65/65 MP: 4/11
  4553 | D:6      | Reached skill level 7 in Fighting
  4555 | D:6      | Found a glowing drain.
  4618 | Sewer    | Entered a sewer
  5166 | D:6      | Noticed a troll
  5180 | D:6      | Reached skill level 8 in Fighting
  5596 | D:6      | Killed a troll
  5597 | D:6      | Reached skill level 9 in Fighting
  6165 | D:7      | Reached XP level 9. HP: 52/78 MP: 3/12
  6169 | D:7      | Reached skill level 10 in Fighting
  6169 | D:7      | Reached skill level 5 in Maces & Flails
  6329 | D:7      | Reached skill level 6 in Maces & Flails
  6333 | D:7      | HP: 1/78 [orc warrior/+0 glaive (10)]
  6337 | D:7      | Slain by an orc

Vanquished Creatures
  A troll (D:6)
  A water moccasin (D:7)
  A sky beast (D:7)
  5 ice beasts
  An ogre (D:4)
  A black bear (Temple)
  A phantom (D:6)
  3 kobold brigands (Sewer)
  3 scorpions
  A bullfrog (D:7)
  A howler monkey (D:6)
  3 jellies
  4 hounds
  An orc priest (D:5)
  6 orc wizards
  Robin (D:4)
  A river rat (D:6)
  6 adders
  6 gnolls
  A shadow imp (D:6)
  A white imp (D:5)
  An ufetubus (D:5)
  2 worms
  3 dart slugs
  13 orcs
  14 endoplasms
  10 giant cockroaches
  15 goblins
  8 hobgoblins
  11 jackals
  3 quokkas (D:3)
  6 ball pythons
  7 bats
  A frilled lizard (D:2)
  15 kobolds
  11 rats
169 creatures vanquished.

Vanquished Creatures (others)
  A plant (D:5)
1 creature vanquished.

Grand Total: 170 creatures vanquished
